 Dungeon Crawl Stone Soup version 0.25-a0-1007-g10a8c3caa8 (webtiles) character file.

Game seed: 14432682336430613312, levelgen mode: deterministic

5 Esekla the Skirmisher (level 1, -4/18 HPs)
             Began as a Formicid Abyssal Knight on May 11, 2020.
             Was a Follower of Lugonu.
             Slain by a thrashing horror (5 damage)
             ... on level 1 of the Abyss.
             The game lasted 00:00:56 (78 turns).

Esekla the Skirmisher (Formicid Abyssal Knight)       Turns: 78, Time: 00:00:56

Health: -4/18      AC:  3    Str: 16    XL:     1   Next: 88%
Magic:  2/2        EV: 11    Int: 11    God:    Lugonu [*.....]
Gold:   0          SH:  0    Dex: 10    Spells: 0/0 levels left

rFire    . . .     SeeInvis +   a - +1 falchion
rCold    . . .     Gourm    .   (no shield)
rNeg     . . .     Faith    .   b - +0 leather armour
rPois    .         Spirit   .   (helmet unavailable)
rElec    .         Reflect  .   (no cloak)
rCorr    .         Harm     .   (no gloves)
MR       .....                  (no boots)
Stlth    +.........             (no amulet)
HPRegen  0.06/turn              (no ring)
MPRegen  0.08/turn              (no ring)

@: no status effects
A: permanent stasis, dig shafts and tunnels, four strong arms, antennae 3
a: Dig, Shaft Self, Depart the Abyss, Renounce Religion


You were on level 1 of the Abyss.
You worshipped Lugonu.
Lugonu was aware of your devotion.
You were not hungry.

You visited 0 branches of the dungeon, and saw 0 of its levels.
You visited the Abyss 1 time.

Inventory:

Hand Weapons
 a - a +1 falchion (weapon)
Armour
 b - a +0 leather armour (worn)
Potions
 d - a potion of magic {unknown}
Comestibles
 c - a ration


   Skills:
 * Level 3.6 Fighting
 * Level 2.0 Long Blades
 + Level 2.2 Armour
 + Level 0.8 Dodging
 + Level 2.2 Invocations


You couldn't memorise any spells.
You didn't know any spells.
Your spell library was empty.

Dungeon Overview and Level Annotations

Branches:
Dungeon (0/15)

Altars:


Innate Abilities, Weirdness & Mutations

You cannot be hasted, slowed, berserked, paralysed or teleported.
You can dig through walls and to a lower floor.
Your four strong arms can wield two-handed weapons with a shield.
You have a pair of large antennae on your head. (SInv)


Message History

The chaos spawn hisses angrily.
An ufetubus comes into view.
The ufetubus shouts!
The ufetubus hits you. The ufetubus closely misses you.
The ufetubus barely misses you.
You riposte.
You slash the ufetubus!
You kill the ufetubus!
You see here a blue potion.
d - a blue potion The thrashing horror roars!
The thrashing horror tramples you!
Ouch! That really hurt!
* * * LOW HITPOINT WARNING * * *
You hold your ground!
The thrashing horror tramples you.
* * * LOW HITPOINT WARNING * * *
You stumble backwards!
The thrashing horror roars!
The thrashing horror misses you.
You riposte.
You hit the thrashing horror.
The thrashing horror is lightly damaged.
The thrashing horror tramples you.
You die...

#. . #. . ##. ###
..##.# # #.#.#.#
#@ยง#.#.### .#
##X....... ##.
##..#....#. . .
..# #..###.##..
...#.##.#.#
#....X.# #...# #..
#.#....# . ...###
#.###.###... ..
..#.###.#.#.....#.
##.#...#.#.# .#.
.#


You could see a thrashing horror.

Vanquished Creatures
  An ufetubus (Abyss:1)
1 creature vanquished.

Notes
Turn   | Place    | Note
-------+----------+-------------------------------------------
     0 | Abyss:1  | Esekla the Formicid Abyssal Knight began the quest for the
                  | Orb.
     0 | Abyss:1  | Reached XP level 1. HP: 18/18 MP: 2/2
    23 | Abyss:1  | Noticed a thrashing horror
    25 | Abyss:1  | Noticed a titan simulacrum
    40 | Abyss:1  | Noticed a large abomination
    50 | Abyss:1  | Found a hazy altar of Hepliaklqana.
    51 | Abyss:1  | Noticed a chaos spawn
    78 | Abyss:1  | Slain by a thrashing horror

Illustrated notes

Levels and vault maps discovered:
Abyss:1:  minivault_23, hangedman_decor_points, bh_abyss_exit_grid,
          evilmike_abyss_exit_7

Action                   || total
-------------------------++-------
Dodge: Dodged            ||     3
       Rpst.: Falchion   ||     2

Table legend:
 A = Non-vault XP
 B = Vault XP
 C = Vault XP percentage of total XP
 D = Non-vault monster count
 E = Vault monster count
 F = Vault count percentage of total count
                 A         B        C        D         E       F
            +---------+---------+-------+---------+---------+-------
      Total |       8 |       0 |   0.0 |       1 |       0 |   0.0
            +---------+---------+-------+---------+---------+-------
    Abyss:1 |       8 |       0 |   0.0 |       1 |       0 |   0.0
            +---------+---------+-------+---------+---------+-------
